 Dungeon Crawl Stone Soup version 0.20-a0-537-g052e6ba (webtiles) character file.

129871 tsouns the Unseen (level 17, -14/109 HPs)
             Began as an Octopode Venom Mage on Jan 27, 2017.
             Was a High Priest of Sif Muna.
             Killed from afar by a nagaraja (40 damage)
             ... with a bolt of poison
             ... on level 3 of the Snake Pit on Jan 28, 2017.
             The game lasted 03:08:54 (33099 turns).

tsouns the Unseen (Octopode Venom Mage)            Turns: 33099, Time: 03:08:55

Health: -14/109    AC:  3    Str: 12    XL:     17   Next: 6%
Magic:  22/53      EV: 19    Int: 45    God:    Sif Muna [*****.]
Gold:   990        SH: 12    Dex: 18    Spells: 7/44 levels left

rFire    . . .     SeeInvis .   K - +5 falchion of Edduxes {freeze, +Rage Int+8 Dex+4}
rCold    . . .     Gourm    .   H - +1 shield {reflect}
rNeg     . . .     Faith    .   (helmet restricted)
rPois    .         Spirit   .   o - amulet of magic regeneration
rElec    .         Reflect  +   w - +5 ring of strength
rCorr    .         Harm     .   B - ring of protection from magic
MR       ++...                  N - ring of magical power (curse)
Stlth    +++++++...             O - +2 ring of protection
Regen    0.3/turn               p - +5 ring of intelligence
                                Y - ring of magical power
                                y - +6 ring of intelligence
                                R - +3 ring of intelligence

@: lethally poisoned (-14 -> -24), very slightly contaminated, repel missiles
A: almost no armour, stealthy swim, amphibious, 8 rings, constrict 8, camouflage
1, gelatinous body 1
a: Divine Energy, Channel Magic, Forget Spell, Renounce Religion, Evoke Berserk
Rage


You were on level 3 of the Snake Pit.
You worshipped Sif Muna.
Sif Muna was extremely pleased with you.
You were not hungry.

You visited 5 branches of the dungeon, and saw 27 of its levels.
You also visited: Sewer.

You collected 2422 gold pieces.
You spent 1432 gold pieces at shops.

Inventory:

Hand Weapons
 K - the +5 falchion of Edduxes (weapon) {freeze, +Rage Int+8 Dex+4}
   (You found it on level 12 of the Dungeon)

   It has been specially enchanted to freeze those struck by it, causing extra
   injury to most foes and up to half again as much damage against particularly
   susceptible opponents.
   It can also slow down cold-blooded creatures.
   It affects your intelligence (+8).
   It affects your dexterity (+4).
   It lets you go berserk.
 T - a +4 dagger of electrocution
Missiles
 j - 15 javelins (quivered)
Armour
 H - a +1 shield of reflection (worn)
Jewellery
 o - an amulet of magic regeneration (around mantle)
 p - a +5 ring of intelligence (on tentacle)
 w - a +5 ring of strength (left tentacle)
 y - a +6 ring of intelligence (on tentacle)
 B - a ring of protection from magic (right tentacle)
 N - a cursed ring of magical power (on tentacle)
 O - a +2 ring of protection (on tentacle)
 R - a +3 ring of intelligence (on tentacle)
 Y - a ring of magical power (on tentacle)
Wands
 l - a wand of paralysis (12/24)
 n - a wand of lightning (6/15)
 r - a wand of lightning (8/15)
 v - a wand of iceblast (6/15)
 G - a wand of confusion (15/48)
 L - a wand of lightning (9/15)
 P - a wand of acid (2/15)
 S - a wand of confusion (10/48)
Scrolls
 i - 3 scrolls of recharging
 k - 7 scrolls of fog
 u - a scroll of magic mapping
 x - 13 scrolls of teleportation
 I - 3 scrolls of remove curse
 Q - a scroll of amnesia
 U - a scroll of summoning
 V - 6 scrolls of identify
 Z - 2 scrolls of fear
Potions
 a - 2 potions of heal wounds
 d - 5 potions of brilliance
 e - 8 potions of magic
 f - 5 potions of flight
 h - 5 potions of haste
 m - 2 potions of resistance
 q - 5 potions of might
 t - 9 potions of curing
 A - 2 potions of agility
 C - 3 potions of invisibility
 M - 3 potions of ambrosia
 X - a potion of cancellation
Books
 z - Sif Muna's Incunabulum of Evil
   (Sif Muna gifted it to you on level 4 of the Lair of Beasts)

   Spells                             Type                      Level
   a - Sublimation of Blood           Necromancy                   2
   b - Infestation                    Necromancy                   8
   c - Necromutation                  Transmutation/Necromancy     8
Miscellaneous
 c - a fan of gales
 D - a lamp of fire
 E - a lightning rod (4/4)
 J - a box of beasts
Comestibles
 b - 13 bread rations
 g - 13 meat rations
 s - 28 fruits


   Skills:
 - Level 8.1 Fighting
 - Level 3.3 Short Blades
 - Level 9.0 Dodging
 - Level 15.8 Stealth
 * Level 8.4 Shields
 - Level 14.0 Spellcasting
 - Level 8.7 Conjurations
 - Level 7.9 Summonings
 - Level 12.6 Necromancy
 - Level 2.1 Air Magic
 - Level 7.8 Poison Magic
 - Level 2.5 Invocations
 - Level 2.8 Evocations


You had 7 spell levels left.
You knew the following spells:

 Your Spells              Type           Power        Failure   Level  Hunger
a - Sting                 Conj/Pois      ####         1%          1    None
b - Poisonous Vapours     Pois/Air       ######       1%          2    None
c - Mephitic Cloud        Conj/Pois/Air  ######..     1%          3    None
d - Haunt                 Necr/Summ      #######...   28%         7    ###....
e - Dispel Undead         Necr           #######.     1%          5    None
f - Summon Butterflies    Summ           #######.     1%          1    None
g - Repel Missiles        Chrm/Air       #####.       1%          2    None
h - Blink                 Tloc           N/A          2%          2    None
i - Conjure Flame         Conj/Fire      ######..     1%          3    None
j - Call Imp              Summ           #######.     1%          2    None
k - Bolt of Draining      Conj/Necr      #######...   1%          5    None
l - Sticky Flame          Conj/Fire      ######..     3%          4    None


Dungeon Overview and Level Annotations

Branches:
Dungeon (15/15)            Temple (1/1) D:5            Lair (6/6) D:9
 Shoals (0/4) Lair:2        Snake (3/4) Lair:4        Slime (0/5) Lair:6
    Orc (2/2) D:11            Elf (0/3) Orc:2        Vaults (0/5) D:14
 Depths (0/5) D:15

Altars:
Ashenzari
Cheibriados
Dithmenos
Elyvilon
Fedhas
Gozag
Hepliaklqana
Kikubaaqudgha
Makhleb
Nemelex Xobeh
Okawaru
Qazlal
Ru
Sif Muna
Trog
Uskayaw
Vehumet
Xom
Yredelemnul
Zin
The Shining One

Shops:
D:6 =   D:12 *   Orc:2 (*(!

Annotations:
Lair:5 exclusion: oklob plant


Innate Abilities, Weirdness & Mutations

You cannot wear most types of armour.
You are very stealthy in the water. (Stealth+)
You are amphibious.
You can wear up to eight rings at the same time.
You can use your tentacles to constrict eight enemies at once.
Your skin changes colour to match your surroundings (Stealth+).
Your rubbery body absorbs attacks. (AC +1, EV +1)


Message History

The nagaraja points at you and mumbles some strange words.
The orb of energy hits you!
* * * LOW HITPOINT WARNING * * *
The orb of energy explodes!
You feel much better.
You feel sick.
The nagaraja hits you from afar with a spear!
* * * LOW HITPOINT WARNING * * *
You block the guardian serpent's attack.
Blink to where?
Press: ? - help, Dir - move target cursor, p - nagaraja You are very lightly contaminated with residual magic.
As you read the scroll of blinking, it crumbles to dust.
You feel sick. The nagaraja spits poison at you.
The splash of poison misses you.
You feel better.
The nagaraja points at you and mumbles some strange words.
The bolt of poison hits you!
You are poisoned.
You die...

..S.§# ##....## .W...#
##....# #.WW.## ##...##
#.#.(## ##...# ########
#....## #...# ##......##
#....# #.>.# ##.#......##
##...# #..##
##...#......####...# #..##
#......).@).S§.))..####...
#.#......†....N....#..#...
##...........###.........#
#....!.......# ##.####...#
#......).....# #...# #...#
#............# #†..# #...#
##..........## #...# ##..#
###.......## #...# ...#
#......## #...# ....


You could see a nagaraja and a guardian serpent.

Vanquished Creatures
  A nagaraja (Snake:2)
  2 stone giants (Orc:2)
  A fire dragon (Lair:3)
  Fannar (Lair:3)
  7 hydras
  6 naga warriors
  2 ogre magi (Orc:2)
  2 vault guards (D:14)
  4 catoblepae
  Erica (D:11)
  7 anacondas
  3 centaur warriors
  15 two-headed ogres
  3 death knights (D:13)
  6 death yaks (Lair:6)
  2 tengu warriors (D:15)
  2 naga sharpshooters
  2 shock serpents
  A glowing orange brain (shapeshifter) (D:14)
  A wizard (D:14)
  An unseen horror (D:10)
  A flayed ghost (D:12)
  5 naga ritualists
  2 deep trolls (Orc:2)
  2 necromancers (D:14)
  An orc knight (D:15)
  4 mana vipers
  4 cyclopes
  2 deep elf magi
  5 salamanders
  17 ugly things
  3 manticores
  4 elephants (Lair:4)
  3 guardian serpents
  6 spiny frogs
  14 black mambas
  12 naga magi
  3 rime drakes
  2 freezing wraiths (D:13)
  6 yaktaurs (D:15)
  5 komodo dragons
  A polar bear (Lair:4)
  A hornet (D:12)
  11 trolls
  7 slime creatures
  15 blink frogs
  Grinder (D:6)
  A dream sheep (shapeshifter) (D:15)
  7 hippogriffs
  A meliai zombie (D:12)
  A shadow (D:12)
  2 vampires
  6 wyverns
  2 wraiths
  79 yaks
  7 basilisks
  18 humans (D:14)
  4 hungry ghosts
  2 wargs (Orc:2)
  4 vampire mosquitoes (D:15)
  A soldier ant (D:14)
  14 nagas
  4 acid dragons
  6 porcupines
  11 water moccasins
  17 orc warriors
  9 ice beasts
  2 eyes of draining
  2 phantoms
  3 sky beasts
  3 black bears
  30 ogres
  A necrophage (D:12)
  13 centaurs
  21 wolves
  16 crocodiles
  3 big kobolds
  2 gnoll sergeants
  16 bullfrogs
  4 wyvern skeletons
  2 scorpions (D:12)
  2 killer bees (D:12)
  6 howler monkeys
  9 crimson imps
  3 bullfrog zombies
  5 centaur zombies
  2 hounds
  3 quasits
  14 orc priests
  4 centaur skeletons
  4 jellies
  21 orc wizards
  A bullfrog skeleton (D:4)
  An iron imp (D:7)
  A gnoll shaman (D:5)
  6 iguanas
  19 worker ants
  A hound zombie (D:6)
  A worker ant zombie (D:5)
  18 adders
  14 gnolls
  6 river rats (Sewer)
  5 shadow imps
  7 oozes
  An adder skeleton (D:9)
  3 worms
  4 dart slugs
  5 leopard geckos
  84 orcs
  13 ball pythons
  10 giant cockroaches
  9 goblins
  9 hobgoblins
  4 jackals
  10 quokkas
  11 bats
  9 frilled lizards
  A goblin skeleton (D:7)
  2 goblin zombies (D:7)
  2 hobgoblin zombies (D:7)
  25 kobolds
  A kobold zombie (D:7)
  4 orc skeletons (D:7)
  3 orc zombies (D:7)
  A quokka skeleton (D:4)
  29 rats
  2 fungi
916 creatures vanquished.

Vanquished Creatures (collateral kills)
  Donald (Snake:1)
  A salamander (Snake:1)
  A spiny frog (Lair:1)
  A fire elemental (Lair:3)
  A basilisk (Lair:2)
  A naga (Snake:3)
  A water moccasin (Lair:2)
  A crocodile (Lair:2)
  A bullfrog (Lair:2)
9 creatures vanquished.

Vanquished Creatures (others)
  12 fungi
  14 plants
  14 toadstools (Lair:5)
40 creatures vanquished.

Grand Total: 965 creatures vanquished

Notes
Turn   | Place    | Note
-------+----------+-------------------------------------------
     0 | D:1      | tsouns the Octopode Venom Mage began the quest for the Orb.
     0 | D:1      | Reached XP level 1. HP: 11/11 MP: 3/3
   274 | D:1      | Reached skill level 3 in Stealth
   325 | D:1      | Reached XP level 2. HP: 17/17 MP: 1/5
   635 | D:1      | Learned a level 2 spell: Poisonous Vapours
   765 | D:1      | Reached XP level 3. HP: 19/21 MP: 6/6
   770 | D:1      | Learned a level 3 spell: Mephitic Cloud
  1536 | D:2      | Reached skill level 4 in Stealth
  1536 | D:2      | Reached XP level 4. HP: 27/27 MP: 7/7
  1576 | D:2      | Found a blossoming altar of Fedhas.
  2256 | D:3      | Found a sacrificial altar of Ru.
  2260 | D:3      | Reached XP level 5. HP: 31/31 MP: 4/8
  2444 | D:3      | Reached XP level 6. HP: 33/36 MP: 3/10
  2562 | D:3      | Reached skill level 1 in Short Blades
  3303 | D:3      | Learned a level 4 spell: Olgreb's Toxic Radiance
  3371 | D:4      | Found a shadowy altar of Dithmenos.
  3391 | D:4      | Reached skill level 5 in Stealth
  3510 | D:4      | Reached skill level 5 in Poison Magic
  3608 | D:4      | Found a glowing golden altar of the Shining One.
  3646 | D:4      | Found an iron altar of Okawaru.
  4004 | D:5      | Entered Level 5 of the Dungeon
  4008 | D:5      | Reached XP level 7. HP: 41/41 MP: 12/12
  4043 | D:5      | Found a basalt altar of Yredelemnul.
  4081 | D:5      | Reached skill level 6 in Stealth
  4772 | D:5      | Reached skill level 7 in Stealth
  4819 | D:5      | Reached XP level 8. HP: 46/46 MP: 11/14
  5066 | D:5      | Found a staircase to the Ecumenical Temple.
  5075 | Temple   | Entered the Ecumenical Temple
  5511 | D:5      | Found a snail-covered altar of Cheibriados.
  5681 | D:6      | Found a glowing drain.
  5864 | Sewer    | Entered a sewer
  6310 | Sewer    | Reached skill level 8 in Stealth
  6592 | Sewer    | Reached skill level 5 in Spellcasting
  6878 | Sewer    | Learned a level 5 spell: Venom Bolt
  6938 | D:6      | Reached skill level 1 in Air Magic
  7053 | D:6      | Noticed Grinder
  7067 | D:6      | Killed Grinder
  7067 | D:6      | Reached XP level 9. HP: 21/51 MP: 15/17
  7549 | D:6      | Found Yfewk's Jewellery Emporium.
  7557 | D:6      | Bought an uncursed ring of protection from magic for 275 gold pieces
  7788 | D:7      | Found a glowing golden altar of the Shining One.
  8212 | D:7      | Found a deep blue altar of Sif Muna.
  8245 | D:7      | Identified Sif Muna's Collected Works on Creation
  8255 | D:7      | Became a worshipper of Sif Muna the Loreminder
  8287 | D:7      | Learned a level 1 spell: Summon Butterflies
  8379 | D:8      | Found an ancient bone altar of Kikubaaqudgha.
  8436 | D:8      | Found a glowing silver altar of Zin.
  8511 | D:8      | Reached skill level 1 in Summonings
  8581 | D:8      | Reached skill level 5 in Dodging
  8969 | D:8      | Learned a level 2 spell: Repel Missiles
  8973 | D:8      | Learned a level 2 spell: Blink
  9080 | D:8      | Noticed a two-headed ogre
  9099 | D:8      | Killed a two-headed ogre
  9099 | D:8      | Reached * piety under Sif Muna
  9099 | D:8      | Reached skill level 9 in Stealth
  9099 | D:8      | Reached skill level 5 in Conjurations
  9099 | D:8      | Reached XP level 10. HP: 56/56 MP: 3/20
  9559 | D:8      | Found a basalt altar of Yredelemnul.
  9603 | D:8      | Learned a level 3 spell: Conjure Flame
 10167 | D:9      | Found a sparkling altar of Nemelex Xobeh.
 10266 | D:9      | Found a hazy altar of Hepliaklqana.
 10398 | D:9      | Reached skill level 10 in Stealth
 10629 | D:9      | Found a burning altar of Makhleb.
 10630 | D:9      | Found a radiant altar of Vehumet.
 10700 | D:9      | Reached ** piety under Sif Muna
 10703 | D:9      | Found a staircase to the Lair.
 10855 | D:9      | Learned a level 2 spell: Call Imp
 10899 | Lair:1   | Entered Level 1 of the Lair of Beasts
 11191 | D:8      | Reached XP level 11. HP: 61/61 MP: 14/23
 11225 | D:6      | Bought a +2 ring of protection for 110 gold pieces
 12421 | Lair:2   | Reached *** piety under Sif Muna
 12479 | Lair:2   | Reached skill level 11 in Stealth
 12734 | Lair:2   | Found a staircase to the Shoals.
 13313 | Lair:3   | Noticed Fannar
 13321 | Lair:3   | Killed Fannar
 13321 | Lair:3   | Reached skill level 1 in Fighting
 13856 | Lair:3   | Reached **** piety under Sif Muna
 14355 | Lair:3   | Reached skill level 10 in Spellcasting
 14429 | Lair:3   | Noticed a seven-headed hydra
 14452 | Lair:3   | Learned a level 5 spell: Bolt of Draining
 14544 | D:10     | Entered Level 10 of the Dungeon
 14544 | D:10     | Noticed a two-headed ogre
 14548 | D:10     | Killed a two-headed ogre
 14548 | D:10     | Reached skill level 1 in Necromancy
 14548 | D:10     | Reached XP level 12. HP: 72/72 MP: 26/26
 15467 | D:10     | Noticed a two-headed ogre
 15469 | D:10     | Reached ***** piety under Sif Muna
 15515 | D:10     | Killed a two-headed ogre
 15515 | D:10     | Identified Nyuvvo's Papyrus of Frigorific Evil (Sif Muna gifted it to you on level 10 of the Dungeon)
 15515 | D:10     | Received a gift from Sif Muna
 16914 | Lair:3   | Reached skill level 5 in Necromancy
 17025 | Lair:3   | Killed a seven-headed hydra
 17025 | Lair:3   | Reached skill level 5 in Fighting
 17037 | Lair:3   | Noticed a fire dragon
 17062 | Lair:3   | Killed a fire dragon
 17201 | Lair:3   | Identified Sif Muna's Tome of Hurtful Calling
 17903 | Lair:4   | Reached XP level 13. HP: 83/83 MP: 16/27
 17936 | Lair:4   | Identified Medoluisch's Almanac of Evil Attacks (Sif Muna gifted it to you on level 4 of the Lair of Beasts)
 17936 | Lair:4   | Received a gift from Sif Muna
 18676 | Lair:4   | Found a staircase to the Snake Pit.
 19022 | Lair:5   | Found a blossoming altar of Fedhas.
 19854 | Lair:6   | Entered Level 6 of the Lair of Beasts
 20306 | Lair:6   | Found a staircase to the Slime Pits.
 20836 | Lair:6   | Reached skill level 12 in Stealth
 20982 | Lair:6   | Reached skill level 10 in Necromancy
 21161 | Lair:6   | Reached XP level 14. HP: 83/92 MP: 25/29
 21388 | Lair:6   | Learned a level 4 spell: Sticky Flame
 21418 | Lair:6   | Reached skill level 5 in Summonings
 21445 | Lair:6   | Identified the +3 trident of Vuuk Qoy {elec, *Noise rF+ rN+} (You found it on level 6 of the Lair of Beasts)
 21801 | D:11     | Found a staircase to the Orcish Mines.
 21874 | D:11     | Learned a level 5 spell: Dispel Undead
 21886 | D:11     | Noticed Erica
 21893 | D:11     | Killed Erica
 21893 | D:11     | Reached skill level 13 in Stealth
 22456 | Orc:1    | Entered Level 1 of the Orcish Mines
 22913 | Orc:2    | Entered Level 2 of the Orcish Mines
 22927 | Orc:2    | Found a staircase to the Elven Halls.
 22985 | Orc:2    | Noticed a stone giant
 23115 | Orc:2    | Found a radiant altar of Vehumet.
 23329 | Orc:2    | HP: 1/92 [stone giant/large rock (5)]
 23740 | D:12     | Identified Sif Muna's Almanac of Battle Magic and Hexes (Sif Muna gifted it to you on level 12 of the Dungeon)
 23740 | D:12     | Received a gift from Sif Muna
 23755 | D:12     | Found Bumoy's General Store.
 23775 | D:12     | Got a polished falchion
 23776 | D:12     | Identified the +5 falchion of Edduxes {freeze, +Rage Int+8 Dex+4} (You found it on level 12 of the Dungeon)
 24967 | D:13     | Reached XP level 15. HP: 95/97 MP: 21/31
 25111 | D:13     | Reached skill level 14 in Stealth
 26125 | D:14     | Found a glowing golden altar of the Shining One.
 26449 | D:13     | Identified Musuyq's Disquisition on Mutagenic Battle Magic (Sif Muna gifted it to you on level 13 of the Dungeon)
 26449 | D:13     | Received a gift from Sif Muna
 26449 | D:13     | Reached skill level 1 in Evocations
 26468 | D:13     | Learned a level 7 spell: Haunt
 26556 | D:14     | Reached skill level 1 in Invocations
 26767 | D:14     | Found a gate to the Vaults.
 27093 | D:15     | Entered Level 15 of the Dungeon
 27112 | D:15     | Found a staircase to the Depths.
 27572 | D:15     | Reached skill level 1 in Shields
 27948 | D:15     | Reached skill level 15 in Stealth
 28473 | Orc:2    | Found Metiam's Weapon Shop.
 28483 | Orc:2    | Reached XP level 16. HP: 88/103 MP: 20/33
 29287 | Orc:2    | Found Keofaff's Distillery.
 29291 | Orc:2    | Found Madousm's Antique Weapon Boutique.
 29293 | Orc:2    | Found Bemn's Assorted Antiques.
 29334 | Orc:2    | Bought a glowing garnet ring for 135 gold pieces
 29356 | Orc:2    | Bought a potion of invisibility for 128 gold pieces
 29356 | Orc:2    | Bought a potion of invisibility for 128 gold pieces
 29356 | Orc:2    | Bought a potion of curing for 48 gold pieces
 29356 | Orc:2    | Bought a potion of haste for 160 gold pieces
 29356 | Orc:2    | Bought a potion of might for 64 gold pieces
 29356 | Orc:2    | Bought a potion of resistance for 160 gold pieces
 29356 | Orc:2    | Bought a potion of haste for 160 gold pieces
 29356 | Orc:2    | Bought a potion of brilliance for 64 gold pieces
 29775 | Snake:1  | Entered Level 1 of the Snake Pit
 29775 | Snake:1  | Noticed Donald
 29788 | Snake:1  | Killed Donald
 29829 | Lair:4   | Identified Sif Muna's Incunabulum of Evil (Sif Muna gifted it to you on level 4 of the Lair of Beasts)
 29829 | Lair:4   | Received a gift from Sif Muna
 30676 | Snake:1  | Reached skill level 5 in Shields
 31331 | Snake:2  | Noticed a nagaraja
 31337 | Snake:2  | Killed a nagaraja
 32895 | Snake:3  | Found a radiant altar of Vehumet.
 32904 | Snake:3  | Reached XP level 17. HP: 109/109 MP: 35/35
 33099 | Snake:3  | Killed from afar by a nagaraja

Vault maps used:
D:1:      dpeg_arrival_simpleton_a
D:2:      overflow_temple_1_default
D:3:      nicolae_ru_great_annihilating_truth
D:4:      nicolae_overflow_crystal_walls, kennysheep_mini_moat,
          okawaru_ov_weapons_minmay
D:5:      temple_green, basic_altar, first_bread, kennysheep_slug_shrine
D:6:      serial_shops, nicolae_shop_waterfront, portal_sewer_entry_c,
          uniq_grinder
D:7:      led_sif_book, small_statue_intersection, nicolae_tso_besieged_by_evil
D:8:      zin_treasury, old_standard_altar, kennysheep_mini, grunt_ogre_cave
D:9:      grunt_temple_overflow_lords_of_destruction, lemuel_doored_altar,
          nemelex_xobeh_ov_fountains_minmay, minmay_lair_entry_grove
D:10:     minmay_misc_feat_roman
D:11:     orc_0_dummy, uniq_erica
D:12:     evilmike_diamond_2, serial_shops, shop
D:13:     cheibrodos_tormentor_scu, hangedman_decor_peaks_small
D:14:     grunt_vaults_entry_tiered, minmay_misc_feat_four_crosses, basic_altar
D:15:     hangedman_depths_entry_try_elsewhere_first, kennysheep_flooded_box
Temple:   jpeg_temple_island
Lair:1:   lemuel_fruit_tree
Lair:2:   elwin_shoals_entry_rocks, infiniplex_staircase_pool_2
Lair:3:   dragon1_lemuel, portal_ice_cave_entry_ice_beasts, grunt_megastairs_2,
          uniq_fannar
Lair:4:   guppyfry_snake_entry_garden, lemuel_fruit_fields
Lair:5:   tgw_fedhas
Lair:6:   evilmike_catoblepas_cave, nicolae_slime_entry_slimehenge,
          serial_bayou_shore_b, lemuel_fruit_fields
Snake:1:  nicolae_snake_shapes, uniq_donald
Snake:3:  basic_altar, spider_trap
Orc:2:    st_orc_open, basic_altar
Sewer:    sewer_minmay_w

Skill      XL: |  1  2  3  4  5  6  7  8  9 10 11 12 13 14 15 16 17 |
---------------+----------------------------------------------------+-----
Stealth        | 3 4 5 7 8 9 10 11 12 13 15 | 15.8
Poison Magic   | 4 5 6 7 |  7.8
Conjurations   | 2 3 5 6 7 8 |  8.7
Dodging        | 3 5 6 7 8 9 |  9.0
Short Blades   | 1 3 |  3.3
Spellcasting   | 3 4 5 6 8 10 11 12 13 14 | 14.0
Air Magic      | 1 2 |  2.1
Summonings     | 2 3 4 7 |  7.9
Fighting       | 3 5 7 8 |  8.1
Necromancy     | 1 6 10 11 12 | 12.6
Evocations     | 2 |  2.8
Invocations    | 2 |  2.5
Shields        | 4 7 8 |  8.4

Action                   |  1- 3 |  4- 6 |  7- 9 | 10-12 | 13-15 | 16-18 || total
-------------------------+-------+-------+-------+-------+-------+-------++-------
Melee: Short sword       |    35 |    15 |       |       |       |       ||    50
       Constrict         |     9 |    11 |    32 |    25 |    31 |     4 ||   112
       Tentacles         |     5 |     7 |    21 |    47 |    28 |     8 ||   116
       Dagger            |     1 |    24 |    54 |   154 |   101 |       ||   334
       Rapier            |       |     1 |       |       |       |       ||     1
       Flail             |       |       |    92 |    69 |       |       ||   161
       Falchion          |       |       |       |       |    73 |    18 ||    91
Throw: Javelin           |       |       |     5 |       |       |       ||     5
 Cast: Sting             |    38 |    21 |    41 |   121 |    47 |     1 ||   269
       Poisonous Vapours |     2 |    47 |   162 |   203 |   129 |    22 ||   565
       Mephitic Cloud    |       |     2 |     3 |    44 |    11 |       ||    60
       Repel Missiles    |       |       |     1 |     1 |     3 |     2 ||     7
       Conjure Flame     |       |       |       |     9 |     8 |     1 ||    18
       Blink             |       |       |       |     3 |     2 |       ||     5
       Olgreb's Toxic Ra |       |       |       |     1 |       |       ||     1
       Call Imp          |       |       |       |    18 |       |       ||    18
       Venom Bolt        |       |       |       |    34 |    35 |       ||    69
       Summon Butterflie |       |       |       |     3 |       |       ||     3
       Bolt of Draining  |       |       |       |    22 |   297 |   174 ||   493
       Dispel Undead     |       |       |       |       |    36 |       ||    36
       Sticky Flame      |       |       |       |       |     1 |       ||     1
       Haunt             |       |       |       |       |       |     5 ||     5
Invok: Channel Magic     |       |       |       |       |     1 |       ||     1
       Forget Spell      |       |       |       |       |     1 |       ||     1
Evoke: Wand              |       |       |       |     7 |       |     3 ||    10
  Use: Scroll            |       |    11 |     8 |    13 |    12 |     4 ||    48
       Potion            |       |       |     2 |     6 |       |     2 ||    10
 Stab: Sleeping          |     5 |     9 |     8 |    19 |    26 |       ||    67
       Paralysed         |       |     1 |       |       |       |       ||     1
       Distracted        |       |       |     1 |       |       |       ||     1
       Confused          |       |       |       |     4 |     4 |       ||     8
  Eat: Chunk             |     2 |    11 |    22 |    18 |    17 |       ||    70
       Royal jelly       |       |       |     2 |     1 |     8 |     3 ||    14
       Meat ration       |       |       |     1 |     2 |     3 |       ||     6
       Bread ration      |       |       |       |     1 |     2 |     1 ||     4
Armor: Skin              |     2 |     4 |     9 |    16 |    16 |     1 ||    48
Dodge: Dodged            |    23 |    15 |   152 |   219 |   195 |    57 ||   661
       Deflected         |       |       |     2 |     4 |     7 |     4 ||    17
Block: Buckler           |       |       |       |       |     7 |     7 ||    14
       Shield            |       |       |       |       |       |    20 ||    20
       Reflection        |       |       |       |       |       |     7 ||     7
       Rpst.: Falchion   |       |       |       |       |    24 |    11 ||    35
